 Dungeon Crawl Stone Soup version 0.30-a0-782-ge64f9170bb (webtiles) character file.

Game seed: 5234993118511310868

1986954 Flugkiller the Acrobat (level 25, 189/189 HPs)
             Began as an Octopode Delver on Feb 24, 2023.
             Was a High Priest of Cheibriados.
             Escaped with the Orb
             ... and 3 runes!
             The game lasted 01:37:04 (46435 turns).

Flugkiller the Acrobat (Octopode Delver)           Turns: 46435, Time: 01:37:05

Health: 189/189    AC: 10    Str: 30    XL:     25   Next: 17%
Magic:  22/22      EV: 65    Int: 23    God:    Cheibriados [*****.]
Gold:   4472       SH:  0    Dex: 40    Spells: 28/40 levels left

rFire   + + .      SeeInvis +    U - +8 great sword "Tizilum" {freeze, rF+ rN+}
rCold   + + +      Faith    +    (shield currently unavailable)
rNeg    + . .      Spirit   .    b - +1 hat "Jadghu" {rElec rF+ SInv Stlth+}
rPois   +          Reflect  .    y - amulet "Jefipic" {Faith Harm Regen+ Dex+2}
rElec   +          Harm     +    v - +5 ring of evasion
rCorr   +          Rampage  .    m - ring of willpower
Will    +++..      Rage     3%   N - +6 ring of dexterity
Stlth   +++        Rnd*Tele +    I - ring "Degrijih" {Fly rC+++ rCorr MP-9 EV+5}
HPRegen 1.31/turn                e - +5 ring of evasion
MPRegen 0.18/turn                A - +4 ring of protection
                                 B - ring of Sif Muna's Regard {rElec rPois AC+4}
                                 Z - ring of willpower

@: flying, very slow
A: almost no armour, amphibious, 8 rings, camouflage 1, gelatinous body 1,
(nimble swimmer 1), tentacles, berserk 1, clumsy 1, low MP 1, mutation
resistance 1, strong 1, teleportitis 1, inability to read after injury 1
0: Orb of Zot
}: 3/15 runes: serpentine, barnacled, slimy
a: Renounce Religion, Bend Time, Temporal Distortion, Slouch, Step From Time


You escaped.
You worshipped Cheibriados.
Cheibriados was extremely pleased with you.
You visited 10 branches of the dungeon, and saw 49 of its levels.
You visited 1 bazaar.
You also visited: Trove and Ice Cave.

You collected 7402 gold pieces.
You spent 2930 gold pieces at shops.

Inventory:

Hand Weapons
 U - the +8 great sword "Tizilum" (weapon) {freeze, rF+ rN+}
   (You bought it in a shop on level 2 of the Orcish Mines)

   rF:        It protects you from fire.
   rN:        It protects you from negative energy.
Missiles
 c - a throwing net
Armour
 b - the +1 hat "Jadghu" (worn) {rElec rF+ SInv Stlth+}
   (You found it in a treasure trove)

   rF:        It protects you from fire.
   rElec:     It insulates you from electricity.
   SInv:      It lets you see invisible.
   Stlth:     It makes you more stealthy.
 o - the +2 hood of the Assassin {Detect Stab+ Stlth++}
   (You found it on level 4 of the Shoals)

   Detect:    It allows the wearer to sense nearby creatures.
   Stab+:     It allows the wearer to make particularly effective stabbing
   attacks against helpless or unaware enemies with any weapon.
   Stlth:     It makes you much more stealthy.
Jewellery
 e - a +5 ring of evasion (on tentacle)
   (You found it in a treasure trove)
 f - a ring of protection from fire
   (You found it on level 1 of the Depths)
 i - a ring of see invisible
   (You found it on level 11 of the Dungeon)
 m - a ring of willpower (right tentacle)
   (You took it off a vampire on level 12 of the Dungeon)
 p - a ring of protection from fire
   (You found it on level 2 of the Shoals)
 v - a +5 ring of evasion (left tentacle)
   (You found it in a treasure trove)
 y - the amulet "Jefipic" (around mantle) {Faith Harm Regen+ Dex+2}
   (You bought it in a shop on level 14 of the Dungeon)

   [amulet of faith]

   It allows you to gain divine favour quickly.
   Dex:       It affects your dexterity (+2).
   Regen:     It increases your rate of health regeneration.
   Harm:      It increases damage dealt and taken.
 A - a +4 ring of protection (on tentacle)
   (You acquired it on level 2 of the Vaults)
 B - the ring of Sif Muna's Regard (on tentacle) {rElec rPois AC+4}
   (You acquired it on level 4 of the Lair of Beasts)

   [ring of protection]

   AC:        It affects your AC (+4).
   rElec:     It insulates you from electricity.
   rPois:     It protects you from poison.
 I - the ring "Degrijih" (on tentacle) {Fly rC+++ rCorr MP-9 EV+5}
   (You found it on level 1 of the Orcish Mines)

   [ring of evasion]

   EV:        It affects your evasion (+5).
   rC:        It renders you almost immune to cold.
   MP:        It affects your magic capacity (-9).
   Fly:       It grants you flight.
   rCorr:     It protects you from acid and corrosion.
 K - a ring of wizardry
   (You found it on level 10 of the Dungeon)
 N - a +6 ring of dexterity (on tentacle)
   (You found it on level 1 of the Lair of Beasts)
 Q - a +6 ring of intelligence
   (You found it on level 3 of the Lair of Beasts)
 Z - a ring of willpower (on tentacle)
   (You found it on level 14 of the Dungeon)
Wands
 l - a wand of iceblast (36)
   (You took it off Ijyb on level 3 of the Dungeon)
 s - a wand of light (13)
   (You took it off an orc on level 3 of the Dungeon)
 G - a wand of mindburst (20)
   (You found it on level 8 of the Dungeon)
 L - a wand of digging (2)
 S - a wand of charming (22)
   (You found it on level 4 of the Lair of Beasts)
Scrolls
 k - 17 scrolls of fear
 t - 27 scrolls of teleportation
 x - 5 scrolls of magic mapping
 z - 12 scrolls of blinking
 D - 2 scrolls of immolation
 E - 3 scrolls of fog
 F - 6 scrolls of vulnerability
 J - 3 scrolls of butterflies
 R - 2 scrolls of torment
 X - 4 scrolls of silence
 Y - 5 scrolls of amnesia
Potions
 a - 8 potions of flight
 d - 6 potions of might
 g - 4 potions of invisibility
 h - 7 potions of brilliance
 j - 4 potions of cancellation
 n - a potion of resistance
 q - 17 potions of curing
 w - 7 potions of heal wounds
 C - 2 potions of ambrosia
 H - 3 potions of berserk rage
 T - 2 potions of magic
 W - 15 potions of attraction
Miscellaneous
 r - a phantom mirror
   (You found it on level 5 of the Pits of Slime)
 M - a condenser vane
   (You found it on level 3 of the Vaults)
 O - a phial of floods
   (You found it on level 1 of the Orcish Mines)
 P - a lightning rod (4/4)
   (You found it on level 5 of the Pits of Slime)
 V - a tin of tremorstones (2/2)
   (You found it on level 12 of the Dungeon)


   Skills:
 - Level 20.0 Fighting
 - Level 8.0(14.8) Short Blades
 - Level 19.4(20.0) Long Blades
 + Level 24.0 Dodging
 - Level 15.0 Stealth
 - Level 7.0 Shields
 - Level 6.2 Unarmed Combat
 - Level 8.0 Spellcasting
 - Level 2.0 Conjurations
 - Level 4.0 Translocations
 - Level 14.2 Transmutations
 - Level 4.0 Air Magic
 - Level 11.0 Earth Magic
 - Level 12.0 Invocations
 - Level 6.0 Evocations


You had 28 spell levels left.
You knew the following spells:

 Your Spells              Type           Power      Damage    Failure   Level
a - Stone Arrow           Conj/Erth      78%        3d11      1%          3
b - Statue Form           Tmut/Erth      40%        N/A       6%          6
c - Vhi's Electric Charg  Tloc/Air       54%        N/A       4%          3

Your spell library contained the following spells:

 Spells                   Type           Power      Damage    Failure   Level
 Apportation              Tloc           54%        N/A       1%          1
 Sandblast                Erth           100%       2d20      1%          1
 Sting                    Tmut/Pois      100%       1d8       1%          1
 Blink                    Tloc           54%        N/A       1%          2
 Lesser Beckoning         Tloc           54%        N/A       1%          2
 Passwall                 Tmut/Erth      50%        N/A       1%          2
 Wereblood                Tmut           66%        N/A       1%          2
 Petrify                  Tmut/Erth      61%        N/A       1%          4
 Momentum Strike          Conj/Tloc      46%        3d9       3%          2
 Static Discharge         Conj/Air       46%        2-4/arc   3%          2
 Ignite Poison            Fire/Tmut/Pois 31%        N/A       3%          3
 Foxfire                  Conj/Fire      52%        2x1d6     4%          1
 Kiss of Death            Conj/Necr      52%        2d9       4%          1
 Poisonous Vapours        Pois/Air       36%        N/A       4%          2
 Searing Ray              Conj           36%        2d5       4%          2
 Swiftness                Air            27%        N/A       4%          3
 Cigotuvi's Dreadful Rot  Necr/Pois/Air  30%        N/A       6%          2
 Kindle Blastsparks       Fire/Tloc/Air  42%        2d13      7%          3
 Ensorcelled Hibernation  Hex/Ice        18%        N/A       11%         2
 Alistair's Intoxication  Tmut/Pois      28%        N/A       11%         5
 Yara's Violent Unravell  Hex/Tmut       21%        3d10      11%         5
 Passage of Golubria      Tloc           27%        N/A       13%         4
 Dragon Form              Tmut           33%        N/A       17%         7
 Confusing Touch          Hex            9%         N/A       21%         3
 Tukima's Dance           Hex            9%         N/A       21%         3
 Borgnjor's Vile Clutch   Necr/Erth      17%        N/A       21%         5
 Arcjolt                  Conj/Air       11%        1d21      50%         5
 Lightning Bolt           Conj/Air       11%        1d24      50%         5
 Eringya's Noxious Bog    Tmut/Pois      21%        N/A       50%         6
 Animate Dead             Necr           9%         N/A       56%         4
 Cause Fear               Hex            4%         N/A       56%         4
 Dispel Undead            Necr           9%         3d8       56%         4
 Olgreb's Toxic Radiance  Pois           9%         N/A       56%         4
 Iron Shot                Conj/Erth      19%        9d4       58%         6
 Freezing Cloud           Conj/Ice/Air   9%         6-21      63%         5
 Iskenderun's Battlesphe  Conj           18%        2d7       63%         5
 Fireball                 Conj/Fire      6%         3d5       77%         5
 Metabolic Englaciation   Hex/Ice        4%         N/A       88%         5
 Death Channel            Necr           4%         N/A       100%        6
 Starburst                Conj/Fire      6%         6d4       100%        6
 Spellforged Servitor     Conj/Summ      6%         N/A       100%        7
 Lehudib's Crystal Spear  Conj/Erth      19%        10d6      100%        8
 Dragon's Call            Summ           4%         N/A       100%        9
 Animate Armour           Summ/Erth      Unusable   N/A       N/A         4

Dungeon Overview and Level Annotations

Branches:
Dungeon (15/15)            Temple (1/1) D:6            Lair (5/5) D:8
 Shoals (4/4) Lair:3        Snake (4/4) Lair:2        Slime (5/5) Lair:5
    Orc (2/2) D:12            Elf (0/3) Orc:2        Vaults (4/5) D:14
  Crypt (0/3) Vaults:2     Depths (4/4) D:15            Zot (5/5) Depths:4
  IceCv (visited)

Altars:
Ashenzari
Cheibriados
Dithmenos
Elyvilon
Fedhas
Gozag
Hepliaklqana
Kikubaaqudgha
Makhleb
Nemelex Xobeh
Okawaru
Qazlal
Ru
Sif Muna
Trog
Uskayaw
Vehumet
Wu Jian
Xom
Yredelemnul
Zin
The Shining One
Jiyva
Lugonu

Shops:
D:4 :   D:7 *   D:14 *   D:15 !   Orc:2 :[*(   Vaults:3 ?   Vaults:4 (
Depths:1 *   Depths:2 *   Depths:4 [(

Portals:
Hell: Depths:1 Depths:2 Depths:3 Depths:4
Abyss: Lair:5 Depths:3 Depths:4
Pandemonium: Depths:1 Depths:2 Depths:3 Depths:4
Ziggurat: Depths:1

Annotations:
D:9 exclusion: door
D:11 1 runed translucent door
Snake:1 2 transporters, Xitaol's ghost, adept SpEn
Vaults:4 2 transporters, Qarummed's ghost, adept GnBr
Depths:3 2 transporters, exclusion: orange crystal statue
Zot:5 6 transporters


Innate Abilities, Weirdness & Mutations

You cannot wear most types of armour.
You are amphibious.
You can wear up to eight rings at the same time.
Your skin changes colour to match your surroundings (Stealth+).
Your rubbery body absorbs attacks. (AC +1, EV +1)
((You are camouflaged when in or above water. (Stealth+)))
You have tentacles for arms and can constrict up to eight enemies at once.
You sometimes lose your temper in combat.
You are clumsy. (Dex -2)
Your magical capacity is low. (-10% MP)
You are somewhat resistant to further mutation.
Your muscles are strong. (Str +4, Int/Dex -1)
You are occasionally teleported next to monsters.
You occasionally lose the ability to read scrolls when taking damage.


Message History

The green death completely misses you.
You cut Fiem into ribbons!!!!
You kill Fiem!
Cheibriados thoroughly appreciates the change of pace.
The green death gestures at you. The bolt of poison misses you.
You slice the green death!! You freeze the green death!!
The green death is almost dead.
The green death gestures at you. The poison arrow misses you.
You chop the green death into pieces!!! You freeze the green death.
You kill the green death!
Cheibriados thoroughly appreciates the change of pace.
The adder completely misses you. x4
You slice the adder!!
The adder seems to slow down.
You freeze the adder.
You kill the adder!
Cheibriados appreciates the change of pace.
No target in view!
(D) Dungeon (T) Temple (L) Lair (A) Shoals (P) Snake Pit (M) Slime Pits (O) Orcish Mines (E) Elven Halls (V) Vaults (C) Crypt (U) Depths (H) Hell (Z) Zot
Where to? (Enter - D:1 @ (x,y), ? - help) Magic restored.
There is a stone staircase leading up here.
You fly upwards.
There is a stone staircase leading down here.
Your transformation is almost over.
HP restored.
You revert to your normal fleshy form.
A chaos spawn comes into view.
Casting: Statue Form (dangerous; 6% risk of failure)
Confirm with . or Enter, or press ? or * to list all spells.
You turn into a living statue of rough stone.
A green death comes into view.
The chaos spawn completely misses you.
You chop the green death into pieces!!! You freeze the green death.
You kill the green death!
Cheibriados thoroughly appreciates the change of pace.
A demonspawn black sun and a lorocyproca come into view.
You carve the chaos spawn like a ham!!! You freeze the chaos spawn.
You kill the chaos spawn!
Cheibriados appreciates the change of pace.
The chaos spawn degenerates into a cloud of primal chaos!
Casting: Statue Form (mildly dangerous; 6% risk of failure)
Confirm with . or Enter, or press ? or * to list all spells.
You can't see any susceptible monsters within range! (Use Z to cast anyway.)
A demonspawn blood saint comes into view.
It is wielding a +0 quarterstaff and wearing a +1 robe of cold resistance.
The demonspawn black sun mumbles some strange prayers to Kikubaaqudgha against you.
The bolt of negative energy misses you.
Casting: Statue Form (mildly dangerous; 6% risk of failure)
Confirm with . or Enter, or press ? or * to list all spells.
Charge where?
Press: ? - help, Dir - move target, f - demonspawn blood saint
Aim: a demonspawn blood saint, wielding a +0 quarterstaff and wearing a +1 robe of cold resistance (86% to hit)
You charge forward with an electric crackle!
A red film seems to cover your vision as you go berserk!
Cheibriados protects you from inadvertent hurry.
You feel mighty!
You cut the demonspawn blood saint into ribbons and electrocute it!!!!
You freeze the demonspawn blood saint!
You kill the demonspawn blood saint!
Cheibriados appreciates the change of pace.
The demonspawn black sun completely misses you.
The demonspawn black sun mumbles some strange prayers to Kikubaaqudgha.
The demonspawn black sun begins absorbing vital energies!
The lorocyproca begins absorbing vital energies!
The demonspawn black sun completely misses you.
The lorocyproca completely misses you.
You open the lorocyproca like a pillowcase!!!
You freeze the lorocyproca!
You kill the lorocyproca!
Cheibriados thoroughly appreciates the change of pace.
The demonspawn black sun completely misses you.
The demonspawn black sun completely misses you. x2
The demonspawn black sun calls down the wrath of Kikubaaqudgha upon you.
The bolt of negative energy misses you.
You carve the demonspawn black sun like a ham!!!!
You kill the demonspawn black sun!
Cheibriados thoroughly appreciates the change of pace.
Your Dodging skill increases to level 24!
No target in view!
No target in view!
You are no longer berserk.
You are exhausted.
You feel yourself slow down.
(D) Dungeon (T) Temple (L) Lair (A) Shoals (P) Snake Pit (M) Slime Pits (O) Orcish Mines (E) Elven Halls (V) Vaults (C) Crypt (U) Depths (H) Hell (Z) Zot
Where to? (Enter - D:1 @ (x,y), ? - help) Magic restored.
You feel yourself speed up.
Your transformation is almost over.
You revert to your normal fleshy form.
You recover from your berserk rage.
There is an open gate here.
There is an open door here.
There is a staircase leading out of the dungeon here.
Enter note: gg You have escaped!

################### ♣♣♣♣
#....#...8...#....# ♣..♣
#.⌠..#.8...8.'..@.# ♣.⌠♣♣♣
#....#...⌠...#....# ♣....♣ ######
#....'.8...8.#....#♣♣♣...♣♣#....#
###..#.......#..###♣......♣####.#
####..8.8..####♣♣♣......♣# #.#
♣♣♣ #.......# ♣♣♣.........####.#
#♣.♣♣###...###♣♣.............##.#
#.....♣#'''#♣♣♣....♣.♣######....#
#♣..............♣####### ####.#


There were no monsters in sight!

Vanquished Creatures
  the Royal Jelly (Slime:5)
  4 dread liches
  An ancient lich (Zot:5)
  5 orbs of fire (Zot:5)
  A pandemonium lord (D:2)
  2 Killer Klowns (Zot:5)
  Bai Suzhen (Depths:2)
  Frederick (Vaults:2)
  5 caustic shrikes
  Nikola (Vaults:3)
  5 golden dragons
  3 electric golems
  4 tentacled monstrosities
  Rupert (Lair:4)
  A walking crystal tome (Depths:2)
  A walking divine tome (Depths:2)
  A titan (Vaults:4)
  A quicksilver dragon (Zot:3)
  25 Orb Guardians (Zot:5)
  A kraken (Shoals:3)
  Frances (D:12)
  A death cob (Zot:5)
  7 sphinxes
  3 storm dragons
  Kirke (Snake:4)
  A shadow dragon (Zot:4)
  17 acid blobs
  Ilsuiw (Shoals:4)
  A tengu reaver (Depths:3)
  Donald (Orc:2)
  Roxanne (Snake:4)
  4 draconian monks
  15 rockslimes
  12 azure jellies
  3 fire giants (Depths:1)
  2 draconian knights
  16 nagarajas
  9 frost giants
  8 vault wardens
  A ghoul (Vaults:2)
  An iron dragon (Depths:2)
  A balrug (Depths:3)
  5 draconian shifters
  3 draconian stormcallers
  3 spectral caustic shrikes (Depths:4)
  The ghost of Ycluddol the Basher, a journeyman HOMo of Ashenzari (Orc:1)
  Louise (D:15)
  12 quicksilver oozes
  2 orc warlords
  6 draconian annihilators
  2 ghost moths (Zot:5)
  16 ironbound preservers
  A war gargoyle (Vaults:2)
  A demonspawn blood saint (D:1)
  9 ironbound thunderhulks
  4 vampire knights
  8 stone giants
  A demonspawn black sun (D:1)
  10 very ugly things
  A reaper (IceCv)
  5 green draconians
  2 lorocyprocas
  4 white draconians (Zot:5)
  3 spark wasps (Depths:4)
  3 purple draconians
  2 black draconians (Zot:4)
  3 red draconians
  8 dire elephants
  8 yellow draconians
  2 crystal guardians (Vaults:2)
  A blizzard demon (Depths:2)
  A deep elf death mage (Vaults:2)
  2 jiangshi (Depths:3)
  9 ettins
  14 merfolk impalers
  5 merfolk javelineers
  2 green deaths
  Josephine (Lair:5)
  13 great orbs of eyes
  5 rakshasas
  3 peacekeepers
  2 salamander tyrants
  Fannar (Lair:2)
  7 fire dragons
  2 deep elf high priests
  10 ice dragons
  15 yaktaur captains
  4 merfolk avatars
  10 vault guards
  A catoblepas (Lair:5)
  4 spriggan air magi
  8 ironbound frosthearts
  2 satyrs (Shoals:4)
  4 ogre magi
  8 hydras
  An alligator snapping turtle (Shoals:4)
  26 centaur warriors
  9 anacondas
  12 boulder beetles
  A dancing weapon (Orc:1)
  25 naga warriors
  6 two-headed ogres
  5 tengu warriors
  2 merfolk aquamancers (Shoals:4)
  A death yak (shapeshifter) (Depths:1)
  2 death yaks (Lair:4)
  2 deep troll shamans (Depths:3)
  3 deep troll earth magi
  20 naga sharpshooters
  11 shock serpents
  An orc high priest (Orc:2)
  2 thrashing horrors (Lair:5)
  3 vampire magi
  4 hell knights (Depths:1)
  2 spriggan berserkers
  Sonja (D:10)
  A sun demon (Depths:3)
  An iron troll (Depths:1)
  A sixfirhy (Depths:2)
  7 salamander mystics
  Amaemon (Lair:2)
  A shadow demon (Zot:4)
  A death drake (shapeshifter) (Vaults:4)
  2 skysharks (Lair:5)
  3 glowing orange brains
  59 deep trolls
  7 naga ritualists
  An orb spider (shapeshifter) (Depths:1)
  7 wizards
  11 sea snakes
  A deep elf archer (D:12)
  8 orc knights
  6 harpies
  7 necromancers
  3 phantasmal warriors
  A deep elf pyromancer (D:14)
  4 ironbound convokers
  18 ugly things
  10 lindwurms
  16 mana vipers
  23 salamanders
  A tengu skeleton (Depths:2)
  5 cyclopes
  5 orc sorcerers
  A wolf spider (D:12)
  2 frost giant zombies
  13 moths of wrath
  2 fauns (Shoals:2)
  12 manticores
  5 shining eyes
  A fire giant skeleton (Depths:2)
  3 eyes of devastation (Slime:5)
  8 guardian serpents
  3 elephants
  21 naga magi
  38 black mambas
  2 merfolk sirens
  2 human skeletons (Vaults:2)
  A torpor snail (Lair:4)
  4 water nymphs
  A black mamba (shapeshifter) (Lair:5)
  A water nymph (shapeshifter) (Lair:5)
  2 smoke demons
  13 vault sentinels
  2 eyes of devastation (shapeshifter)
  6 cane toads
  4 gargoyles (D:12)
  A guardian serpent (shapeshifter) (D:15)
  2 orange demons
  3 efreet
  5 rime drakes
  3 unseen horrors (D:12)
  2 anaconda simulacra (IceCv)
  39 yaktaurs
  2 tengu conjurers
  10 komodo dragons
  A yaktaur (shapeshifter) (D:14)
  5 ice devils
  An ancient zyme (Lair:5)
  2 merfolk (shapeshifter)
  2 large abominations (Lair:5)
  A troll (shapeshifter) (Lair:5)
  9 trolls
  19 merfolk
  6 wind drakes
  36 blink frogs
  An ettin zombie (Vaults:2)
  A hellwing (Depths:2)
  3 polar bears
  Prince Ribbit (Lair:1)
  5 snapping turtles
  A ynoxinul (Lair:5)
  80 slime creatures
  4 centaur simulacra
  A spriggan (Lair:5)
  A shadow (D:13)
  3 wyverns
  A dire elephant simulacrum (IceCv)
  An ettin skeleton (Vaults:2)
  A human (D:14)
  7 wraiths
  45 yaks
  A vampire (D:12)
  7 basilisks
  Eustachio (D:4)
  2 chaos spawn
  9 water elementals
  7 vampire mosquitoes
  14 golden eyes
  7 hogs (Snake:4)
  2 steam dragons
  2 death yak simulacra (IceCv)
  14 two-headed ogre zombies (Orc:1)
  A neqoxec (Depths:2)
  Menkaure (D:7)
  12 water moccasins
  4 acid dragons
  A floating eye (Slime:5)
  60 nagas
  A glowing shapeshifter skeleton (Vaults:2)
  A meliai simulacrum (D:11)
  4 sky beasts
  34 orc warriors
  15 wolves
  13 centaurs
  7 ogres
  4 phantoms
  2 human zombies (Vaults:2)
  4 kobold brigands
  Blork the orc (D:4)
  14 bullfrogs
  A necrophage (D:5)
  5 gnoll sergeants
  A two-headed ogre simulacrum (IceCv)
  7 scorpions
  A water moccasin zombie (D:4)
  15 wights
  9 small abominations (Lair:5)
  29 killer bees
  3 elephant simulacra (IceCv)
  A howler monkey (shapeshifter) (D:12)
  2 electric eels
  11 howler monkeys
  4 lava snakes (Lair:2)
  2 jellies
  A gnoll bouda (D:4)
  7 hounds
  A quasit (D:6)
  A centaur skeleton (D:4)
  16 orc priests
  8 hell rats (Lair:3)
  Ijyb (D:3)
  4 iguanas
  28 orc wizards
  3 troll simulacra
  5 spriggan simulacra
  A wolf simulacrum (IceCv)
  A boggart simulacrum (D:11)
  24 gnolls
  9 adders
  5 naga simulacra
  10 river rats (Lair:3)
  2 shadow imps
  10 white imps
  3 ufetubi
  An adder skeleton (D:4)
  6 worms
  5 dart slugs
  51 orcs
  12 ball pythons
  10 endoplasms
  5 giant cockroaches
  6 goblins
  11 hobgoblins
  6 jackals
  35 kobolds
  9 quokkas
  2 bats
  5 frilled lizards
  11 rats
  A spectral hobgoblin (D:1)
  A spectral kobold (D:11)
  A butterfly (Lair:1)
  A tentacle (Shoals:3)
1889 creatures vanquished.

Vanquished Creatures (others)
  An angel (D:7)
  An ogre mage (D:12)
  2 naga sharpshooters
  A wizard (D:15)
  A deep elf pyromancer (D:15)
  A yaktaur (D:14)
  2 orcs
  A bush (Lair:1)
  91 fungi
  197 plants
  3 tentacles (Shoals:3)
  5 withered plants (D:4)
306 creatures vanquished.

Grand Total: 2195 creatures vanquished

Notes
Turn   | Place    | Note
-------+----------+-------------------------------------------
     0 | D:5      | Flugkiller the Octopode Delver began the quest for the Orb.
     0 | D:5      | Reached XP level 1. HP: 16/16 MP: 1/1
    12 | D:6      | Found a staircase to the Ecumenical Temple.
    21 | Temple   | Entered the Ecumenical Temple
    46 | Temple   | Became a worshipper of Cheibriados the Contemplative
   116 | D:5      | Noticed a scorpion
   116 | D:5      | Noticed a phantom
   175 | D:5      | Noticed a necrophage
   186 | D:5      | Noticed a hound
   203 | D:5      | Noticed an iguana
   204 | D:5      | Was placed under penance by Cheibriados
   213 | D:5      | Killed a necrophage
   214 | D:5      | Reached XP level 2. HP: 10/21 MP: 2/2
   214 | D:5      | Reached XP level 3. HP: 13/26 MP: 3/3
   214 | D:5      | Reached XP level 4. HP: 15/31 MP: 4/4
   299 | D:5      | Killed a scorpion
   300 | D:5      | Reached skill level 3 in Dodging
   300 | D:5      | Reached XP level 5. HP: 33/37 MP: 5/5
   316 | D:5      | HP: 1/37 [phantom (2)]
   317 | D:5      | Killed a phantom
   318 | D:5      | Reached skill level 4 in Dodging
   464 | D:5      | Noticed a phantom
   495 | D:5      | Killed a phantom
   496 | D:5      | Reached XP level 6. HP: 3/43 MP: 6/6
   677 | D:4      | Was forgiven by Cheibriados
   678 | D:4      | Reached skill level 5 in Dodging
  1112 | D:1      | Found a faded altar of an unknown god.
  2020 | D:2      | Reached * piety under Cheibriados
  2935 | D:3      | Noticed Ijyb
  2943 | D:3      | Killed Ijyb
  3006 | D:3      | Reached skill level 5 in Fighting
  3199 | D:3      | Reached XP level 7. HP: 50/50 MP: 7/7
  3377 | D:3      | Reached ** piety under Cheibriados
  3378 | D:3      | Reached skill level 1 in Invocations
  3929 | D:4      | Found an iron altar of Okawaru.
  4080 | D:4      | Found Uhefisec's Book Boutique.
  4312 | D:4      | Noticed a +0 falchion
  4312 | D:4      | Noticed a +0 spear
  4313 | D:4      | Noticed a +0 short sword
  4314 | D:4      | Noticed a +0 falchion
  4314 | D:4      | Noticed a +0 dagger
  4314 | D:4      | Noticed a +0 short sword
  4315 | D:4      | Noticed a +0 dagger
  4315 | D:4      | Noticed a +0 spear
  4316 | D:4      | Found a hide-covered altar of Uskayaw.
  4563 | D:4      | Reached *** piety under Cheibriados
  4588 | D:4      | Noticed Eustachio
  4678 | D:4      | Reached XP level 8. HP: 34/55 MP: 5/10
  4778 | D:4      | Reached skill level 6 in Dodging
  4956 | D:4      | Noticed Blork the orc
  4965 | D:4      | Reached skill level 1 in Evocations
  4971 | D:4      | Killed Blork the orc
  5188 | D:4      | Killed Eustachio
  5189 | D:4      | Reached skill level 5 in Invocations
  5539 | D:5      | Reached XP level 9. HP: 61/61 MP: 13/13
  5851 | D:6      | Reached **** piety under Cheibriados
  5859 | D:6      | Reached skill level 5 in Evocations
  6296 | D:6      | Reached skill level 5 in Short Blades
  6317 | D:6      | Reached skill level 7 in Dodging
  7034 | D:7      | Reached skill level 8 in Dodging
  7043 | D:7      | Reached ***** piety under Cheibriados
  7178 | D:7      | Found a shimmering altar of Xom.
  7179 | D:7      | Noticed an angel
  7190 | D:7      | Found a glowing silver altar of Zin.
  7262 | D:7      | Found a shimmering blue altar of Sif Muna.
  7273 | D:7      | Killed an angel
  7585 | D:7      | Reached skill level 9 in Dodging
  7862 | D:7      | Found Nuxzycuwny's Overcharged Wands.
  7886 | D:7      | Noticed Menkaure
  7888 | D:7      | Killed Menkaure
  7889 | D:7      | Reached skill level 1 in Spellcasting
  7889 | D:7      | Reached XP level 10. HP: 66/66 MP: 14/14
  8180 | D:8      | Gained mutation: Your muscles are strong. (Str +4, Int/Dex
                  | -1) [potion of mutation]
  8662 | D:8      | Found a staircase to the Lair.
  9153 | D:9      | Reached skill level 10 in Dodging
  9213 | D:9      | Reached ****** piety under Cheibriados
  9544 | D:9      | Reached XP level 11. HP: 75/75 MP: 15/15
  9841 | D:9      | Noticed a two-headed ogre
  9847 | D:9      | Killed a two-headed ogre
  9907 | D:9      | Noticed a centaur warrior
  9956 | D:9      | Found an ornate altar of the Wu Jian Council.
 10064 | D:9      | Noticed a six-headed hydra
 10070 | D:9      | Killed a six-headed hydra
 10073 | D:9      | Noticed a centaur warrior
 10075 | D:9      | Killed a centaur warrior
 10075 | D:9      | Killed a centaur warrior
 10076 | D:9      | Reached skill level 11 in Dodging
 10322 | D:10     | Entered Level 10 of the Dungeon
 10706 | D:10     | Identified the +1 falchion of Zyas {freeze, Will+ Str+3}
 10968 | D:4      | Bought Usebur's Grimoire of the Metallic Spider for 484
                  | gold pieces
 11120 | D:10     | Reached skill level 1 in Transmutations
 11120 | D:10     | Noticed Sonja
 11126 | D:10     | Reached skill level 1 in Earth Magic
 11126 | D:10     | Killed Sonja
 11127 | D:10     | Reached skill level 1 in Conjurations
 11312 | D:10     | Noticed a two-headed ogre
 11325 | D:10     | Killed a two-headed ogre
 11516 | D:11     | Found a frozen archway.
 11608 | D:11     | Noticed a two-headed ogre
 11633 | D:11     | Noticed a faun
 11637 | D:11     | a faun changed into an eye of devastation
 11647 | D:11     | Reached XP level 12. HP: 82/82 MP: 18/18
 11662 | D:11     | Learned a level 3 spell: Stone Arrow
 11811 | IceCv    | Entered an ice cave
 12636 | IceCv    | Noticed a reaper
 12701 | IceCv    | Killed a reaper
 12860 | IceCv    | Learned a level 6 spell: Statue Form
 13220 | IceCv    | Reached skill level 5 in Spellcasting
 13417 | D:11     | Killed a two-headed ogre
 13544 | D:11     | Found a hazy altar of Hepliaklqana.
 13590 | D:11     | Identified the +10 trident of the Enfolding Gods
                  | {antimagic, Str+3}
 13733 | D:11     | Noticed a two-headed ogre
 13740 | D:11     | Killed a two-headed ogre
 13741 | D:11     | Reached skill level 5 in Transmutations
 13772 | D:11     | Reached skill level 5 in Earth Magic
 14585 | D:11     | Found a runed translucent door.
 14702 | Lair:1   | Entered Level 1 of the Lair of Beasts
 15442 | Lair:1   | Noticed Prince Ribbit
 15497 | Lair:1   | Killed Prince Ribbit
 15507 | Lair:1   | Reached XP level 13. HP: 65/88 MP: 20/20
 15572 | Lair:1   | You fall into a shaft and drop 1 floor!
 15574 | Lair:2   | Noticed Fannar
 15583 | Lair:2   | Killed Fannar
 16374 | Lair:2   | Noticed Amaemon
 16418 | Lair:2   | Killed Amaemon
 16593 | Lair:2   | Got The Foundations of the Revealed Truths
 16638 | Lair:2   | Found a staircase to the Snake Pit.
 16873 | Lair:2   | Reached skill level 10 in Earth Magic
 17233 | Lair:3   | Reached skill level 1 in Shields
 17676 | Lair:3   | Found a staircase to the Shoals.
 18229 | Lair:4   | Identified a scroll of acquirement
 18230 | Lair:4   | Acquired the ring of Sif Muna's Regard {rElec rPois AC+4}
 18663 | Lair:4   | Reached XP level 14. HP: 97/97 MP: 23/23
 18931 | Lair:4   | Noticed Rupert
 18945 | Lair:4   | Killed Rupert
 19273 | Lair:5   | Entered Level 5 of the Lair of Beasts
 19506 | Lair:5   | Reached skill level 5 in Shields
 19589 | Lair:5   | Found a corrupted altar of Lugonu.
 19589 | Lair:5   | Found a one-way gate to the infinite horrors of the Abyss.
 19595 | Lair:5   | Reached skill level 10 in Fighting
 19668 | Lair:5   | Reached skill level 10 in Transmutations
 19717 | Lair:5   | Noticed Josephine
 19746 | Lair:5   | Killed Josephine
 20253 | Lair:5   | Found a runed translucent door.
 20253 | Lair:5   | Found a viscous altar of Jiyva.
 20253 | Lair:5   | Found a staircase to the Slime Pits.
 20815 | D:12     | Noticed Frances
 20825 | D:12     | Killed Frances
 20922 | D:12     | Paralysed by an ogre mage for 2 turns
 20950 | D:12     | Reached XP level 15. HP: 106/106 MP: 25/25
 21066 | D:12     | Reached skill level 12 in Dodging
 21130 | D:12     | Reached skill level 10 in Invocations
 21231 | D:12     | Identified the +0 plate armour of the Heavens {rPois rN+
                  | Dex+3 Slay-3}
 21551 | D:12     | Found a staircase to the Orcish Mines.
 21857 | D:12     | Found a portal to a secret trove of treasure.
 23066 | D:14     | Reached skill level 13 in Dodging
 23072 | D:14     | Found Ruick's Antique Artefacts.
 23080 | D:14     | Bought a glittering bronze amulet for 190 gold pieces
 23080 | D:14     | Identified the amulet "Jefipic" {Faith Harm Regen+ Dex+2}
                  | (You bought it in a shop on level 14 of the Dungeon)
 23423 | D:14     | Found a gate to the Vaults.
 23501 | D:14     | Found a shadowy altar of Dithmenos.
 23738 | D:15     | Entered Level 15 of the Dungeon
 23861 | D:15     | Reached XP level 16. HP: 112/112 MP: 26/26
 24079 | D:15     | Reached skill level 14 in Dodging
 24102 | D:15     | Found Jeguni's Distillery.
 24110 | D:15     | Bought a potion of curing for 60 gold pieces
 24110 | D:15     | Bought 2 potions of might for 160 gold pieces
 24250 | D:15     | Noticed Louise
 24266 | D:15     | Killed Louise
 24542 | D:15     | Found a staircase to the Depths.
 24685 | Orc:1    | Entered Level 1 of the Orcish Mines
 24692 | Orc:1    | Found a runed translucent door.
 24693 | Orc:1    | Found a shimmering altar of Xom.
 24693 | Orc:1    | Noticed Ycluddol's ghost (journeyman HOMo)
 24977 | Orc:1    | Reached skill level 15 in Dodging
 24986 | Orc:1    | Reached skill level 1 in Unarmed Combat
 25263 | Orc:1    | Killed Ycluddol's ghost
 25265 | Orc:1    | Identified the ring "Degrijih" {Fly rC+++ rCorr MP-9 EV+5}
 25418 | Orc:2    | Entered Level 2 of the Orcish Mines
 25565 | Orc:2    | Reached skill level 5 in Unarmed Combat
 25676 | Orc:2    | Found a staircase to the Elven Halls.
 25866 | Orc:2    | Found Veclaul's Antique Armour Shoppe.
 25882 | Orc:2    | Found Rinleppy's Antique Weapon Shoppe.
 25889 | Orc:2    | Bought a fading great sword for 368 gold pieces
 25889 | Orc:2    | Identified the +8 great sword "Tizilum" {freeze, rF+ rN+}
                  | (You bought it in a shop on level 2 of the Orcish Mines)
 25935 | Orc:2    | Noticed Donald
 25947 | Orc:2    | Killed Donald
 26081 | Orc:2    | Found Enkudd's Book Shoppe.
 26087 | Orc:2    | Bought a manual of Dodging for 800 gold pieces
 26096 | Orc:2    | Found Jelloc's General Store.
 26386 | D:4      | Bought a book of Lightning for 418 gold pieces
 26592 | Snake:1  | Entered Level 1 of the Snake Pit
 26631 | Snake:1  | Reached skill level 1 in Long Blades
 26631 | Snake:1  | Reached skill level 1 in Translocations
 26631 | Snake:1  | Reached skill level 1 in Air Magic
 26983 | Snake:1  | Found a transporter.
 26986 | Snake:1  | Noticed a tentacled starspawn
 27013 | Snake:1  | Noticed a nagaraja
 27014 | Snake:1  | Noticed a Hell Sentinel
 27015 | Snake:1  | Noticed Xitaol's ghost (adept SpEn)
 27347 | Snake:1  | Found a transporter.
 27487 | Snake:2  | Reached XP level 17. HP: 117/117 MP: 14/27
 27616 | Snake:2  | Reached skill level 5 in Long Blades
 27702 | Snake:2  | Reached skill level 16 in Dodging
 28675 | Snake:3  | Reached skill level 17 in Dodging
 28700 | Snake:3  | Found a hazy altar of Hepliaklqana.
 29061 | Snake:4  | Entered Level 4 of the Snake Pit
 29075 | Snake:4  | Reached XP level 18. HP: 127/127 MP: 16/28
 29138 | Snake:4  | Learned a level 3 spell: Vhi's Electric Charge
 29250 | Snake:4  | Identified Roxanne's Monograph on Breccia
 29250 | Snake:4  | Noticed Roxanne
 29260 | Snake:4  | Killed Roxanne
 29476 | Snake:4  | Noticed Kirke
 29482 | Snake:4  | Killed Kirke
 29491 | Snake:4  | Reached skill level 10 in Long Blades
 29641 | Snake:4  | Reached skill level 18 in Dodging
 30025 | Snake:4  | Got a serpentine rune of Zot
 30607 | Shoals:1 | Entered Level 1 of the Shoals
 30626 | Shoals:1 | Identified the +2 flail of Bodily Harmony {heavy, rC- MP+9
                  | Str+4 Dex+3}
 31383 | Shoals:2 | Reached XP level 19. HP: 135/135 MP: 15/29
 32413 | Shoals:3 | Reached skill level 19 in Dodging
 32704 | Shoals:4 | Entered Level 4 of the Shoals
 32787 | Shoals:4 | Got a barnacled rune of Zot
 33203 | Shoals:4 | Found the +2 hood of the Assassin {Detect Stab+ Stlth++}
 33227 | Shoals:4 | Noticed Ilsuiw
 33231 | Shoals:4 | Killed Ilsuiw
 33893 | Vaults:1 | Entered Level 1 of the Vaults
 35070 | Vaults:2 | Reached XP level 20. HP: 129/144 MP: 15/31
 35088 | Vaults:2 | Noticed Frederick
 35096 | Vaults:2 | Killed Frederick
 35115 | Vaults:2 | Reached skill level 15 in Fighting
 35291 | Vaults:2 | Found a staircase to the Crypt.
 35427 | Vaults:2 | Noticed a golden dragon
 35435 | Vaults:2 | Killed a golden dragon
 35436 | Vaults:2 | Reached skill level 20 in Dodging
 35550 | Vaults:2 | Reached skill level 15 in Long Blades
 36321 | Vaults:2 | Acquired 736 gold pieces
 36323 | Vaults:2 | Acquired a +4 ring of protection
 36343 | Vaults:3 | Noticed Nikola
 36345 | Vaults:3 | Killed Nikola
 36435 | Vaults:3 | Found Gofiemeupse's Magic Scroll Shoppe.
 36443 | Vaults:3 | Bought a scroll of blinking for 90 gold pieces
 36526 | Vaults:3 | Found a flickering gateway to a bazaar.
 36543 | Bazaar   | Entered a bazaar
 36566 | Bazaar   | Found Yklaroz's Assorted Antiques.
 36566 | Bazaar   | Found Vujiody's Weapon Emporium.
 36601 | Bazaar   | Found Bauggodd's Magic Scroll Emporium.
 36606 | Bazaar   | Bought a scroll of blinking for 90 gold pieces
 36653 | Bazaar   | Bought a scroll of blinking for 270 gold pieces
 37037 | Vaults:3 | Reached XP level 21. HP: 153/153 MP: 16/33
 37356 | Vaults:3 | Acquired 327 gold pieces
 38436 | Vaults:4 | Identified the +10 giant club of the Spider Nest {protect,
                  | Str+3}
 38556 | Vaults:4 | Noticed a dread lich
 38562 | Vaults:4 | Killed a dread lich
 38767 | Vaults:4 | Found Tagid's Weapon Emporium.
 38845 | Vaults:4 | Found a transporter.
 38849 | Vaults:4 | Found a bloodstained altar of Trog.
 38849 | Vaults:4 | Found a transporter.
 38862 | Vaults:4 | Noticed Qarummed's ghost (adept GnBr)
 39260 | Depths:1 | Entered Level 1 of the Depths
 39309 | Depths:1 | Found a gateway to Hell.
 39329 | Depths:1 | You are sucked into a shaft and drop 1 floor!
 39339 | Depths:2 | Found a one-way gate leading to the halls of Pandemonium.
 39393 | Depths:2 | Noticed Bai Suzhen
 39404 | Depths:1 | Reached XP level 22. HP: 160/160 MP: 20/34
 39735 | Depths:1 | Found Doifarri's Fire Supplies.
 39788 | Depths:1 | Found a one-way gateway to a ziggurat.
 40417 | Depths:2 | Killed Bai Suzhen
 40703 | Depths:2 | Found Jodisu's CLEARANCE SALE!.
 40743 | Depths:2 | Noticed a caustic shrike
 40749 | Depths:2 | Killed a caustic shrike
 40895 | Depths:3 | Reached skill level 10 in Stealth
 41007 | Depths:3 | Found a transporter.
 41025 | Depths:3 | Found a transporter.
 41485 | Depths:4 | Entered Level 4 of the Depths
 41707 | Depths:4 | Noticed a golden dragon
 41719 | Depths:4 | Noticed a golden dragon
 41720 | Depths:4 | Killed a golden dragon
 41728 | Depths:4 | Killed a golden dragon
 41739 | Depths:4 | Found a gate to the Realm of Zot.
 41740 | Depths:4 | Reached XP level 23. HP: 167/167 MP: 22/35
 41837 | Depths:4 | Noticed a golden dragon
 41847 | Depths:4 | Killed a golden dragon
 41891 | Depths:4 | Reached skill level 15 in Stealth
 41961 | Depths:4 | Found Noshroudgh's Antique Armour Shop.
 41966 | Depths:4 | Found Dighilept's Weapon Shop.
 42063 | Depths:4 | Noticed a caustic shrike
 42065 | Depths:4 | Noticed a caustic shrike
 42065 | Depths:4 | Noticed a caustic shrike
 42066 | Depths:4 | Noticed a caustic shrike
 42068 | Depths:4 | Killed a caustic shrike
 42070 | Depths:4 | Killed a caustic shrike
 42072 | Depths:4 | Killed a caustic shrike
 42075 | Depths:4 | Killed a caustic shrike
 42519 | Slime:1  | Entered Level 1 of the Pits of Slime
 42526 | Slime:1  | Gained mutation: You sometimes lose your temper in combat.
                  | [a shining eye]
 42531 | Slime:1  | Gained mutation: Your magical capacity is low. (-10% MP) [a
                  | shining eye]
 42608 | Slime:2  | Gained mutation: Your magical capacity is very low. (-20%
                  | MP) [a shining eye]
 42868 | Slime:5  | Entered Level 5 of the Pits of Slime
 42989 | Slime:5  | Noticed the Royal Jelly
 43015 | Slime:5  | Found a viscous altar of Jiyva.
 43015 | Slime:5  | Killed the Royal Jelly
 43201 | Slime:5  | Got a slimy rune of Zot
 43207 | Slime:5  | Identified the +6 arbalest of Satyriasis {penet, Fly Str-4
                  | Dex+4 SInv}
 43227 | Slime:5  | Identified the +1 mace "Ate Pesch" {venom, Str+4}
 43239 | Slime:5  | Identified the +3 spear "Ucver" {flame, Will+}
 43877 | D:12     | You showed the slimy rune of Zot to enter a treasure trove
 43878 | Trove    | Entered a treasure trove
 43880 | Trove    | Identified the +4 kite shield "Suewniq" {+Inv rElec Str+2}
 43884 | Trove    | Identified the amulet of Xaniwer {Regen+ Dex+2}
 43886 | Trove    | Identified the amulet "Zofonad" {Acrobat *Slow rN+++ Str+6}
 43890 | Trove    | Identified the +0 hat of Zuatodywiy {*Slow rC+ Str+2 Dex+2}
 43892 | Trove    | Identified the +0 hat "Hogg" {Will+}
 43894 | Trove    | Identified the +1 hat "Jadghu" {rElec rF+ SInv Stlth+}
 43901 | Trove    | Identified the ring "Ruutteass" {Ice rElec rPois rN+ Str-2
                  | Int+3}
 43908 | Trove    | Identified the ring "Ykyziowk" {rF+ rN+ Str+3 Int-3}
 43912 | Trove    | Identified the ring of Orchonk {rElec Str+6 Int+2}
 43929 | Trove    | Identified the ring of Cuepsih {*Slow Str+6 Int+3 Stlth+}
 43938 | Trove    | Identified the ring "Huadiex" {Ice rCorr}
 44113 | D:12     | Lost mutation: You sometimes lose your temper in combat.
                  | [potion of mutation]
 44113 | D:12     | Lost mutation: Your muscles are strong. (Str +4, Int/Dex
                  | -1) [potion of mutation]
 44113 | D:12     | Gained mutation: Your magical capacity is extremely low.
                  | (-30% MP) [potion of mutation]
 44113 | D:12     | Gained mutation: One of your tentacles bears a spike.
                  | [potion of mutation]
 44114 | D:12     | Lost mutation: One of your tentacles bears a spike. [potion
                  | of mutation]
 44114 | D:12     | Lost mutation: Your magical capacity is extremely low.
                  | (-30% MP) [potion of mutation]
 44114 | D:12     | Gained mutation: You are dopey. (Int -2) [potion of
                  | mutation]
 44114 | D:12     | Gained mutation: Your muscles are strong. (Str +4, Int/Dex
                  | -1) [potion of mutation]
 44115 | D:12     | Lost mutation: Your muscles are strong. (Str +4, Int/Dex
                  | -1) [potion of mutation]
 44115 | D:12     | Lost mutation: You are dopey. (Int -2) [potion of mutation]
 44115 | D:12     | Lost mutation: Your magical capacity is very low. (-20% MP)
                  | [potion of mutation]
 44115 | D:12     | Gained mutation: You are weak. (Str -2) [potion of
                  | mutation]
 44115 | D:12     | Gained mutation: Your spells are a little harder to cast,
                  | but a little more powerful. [potion of mutation]
 44115 | D:12     | Lost mutation: You are weak. (Str -2) [potion of mutation]
 44115 | D:12     | Gained mutation: One of your tentacles bears a spike.
                  | [potion of mutation]
 44350 | Zot:1    | Entered Level 1 of the Realm of Zot
 44535 | Zot:3    | Reached XP level 24. HP: 183/183 MP: 17/31
 44748 | Zot:5    | Entered Level 5 of the Realm of Zot
 44750 | Zot:5    | Found a transporter.
 44768 | Zot:5    | Found a transporter.
 44973 | Zot:5    | Found a transporter.
 44976 | Zot:5    | Found a transporter.
 44983 | Zot:5    | Found a transporter.
 44986 | Zot:5    | Found a transporter.
 45058 | Zot:5    | Reached skill level 21 in Dodging
 45282 | Zot:5    | Noticed a dread lich
 45285 | Zot:5    | Killed a dread lich
 45462 | Zot:5    | Noticed a Killer Klown
 45463 | Zot:5    | Killed a Killer Klown
 45466 | Zot:5    | Noticed an orb of fire
 45467 | Zot:5    | Noticed an orb of fire
 45467 | Zot:5    | Gained mutation: Your spells are harder to cast, but more
                  | powerful. [an orb of fire]
 45468 | Zot:5    | Gained mutation: You sometimes lose your temper in combat.
                  | [an orb of fire]
 45468 | Zot:5    | Gained mutation: You are clumsy. (Dex -2) [an orb of fire]
 45469 | Zot:5    | Gained mutation: You are occasionally teleported next to
                  | monsters. [an orb of fire]
 45469 | Zot:5    | Gained mutation: Your muscles are strong. (Str +4, Int/Dex
                  | -1) [an orb of fire]
 45470 | Zot:5    | Killed an orb of fire
 45470 | Zot:5    | Killed an orb of fire
 45471 | Zot:5    | Reached skill level 22 in Dodging
 45615 | Zot:5    | Noticed a Killer Klown
 45615 | Zot:5    | Noticed an orb of fire
 45618 | Zot:5    | Noticed an ancient lich
 45618 | Zot:5    | Killed a Killer Klown
 45618 | Zot:5    | Noticed an orb of fire
 45618 | Zot:5    | Noticed an orb of fire
 45619 | Zot:5    | Gained mutation: You are vulnerable to heat. (rF-) [an orb
                  | of fire]
 45621 | Zot:5    | Killed an orb of fire
 45622 | Zot:5    | Killed an orb of fire
 45623 | Zot:5    | Noticed an ancient lich
 45628 | Zot:5    | Killed an ancient lich
 45629 | Zot:5    | Reached skill level 23 in Dodging
 45633 | Zot:5    | Gained mutation: You are frail. (-10% HP) [an orb of fire]
 45637 | Zot:5    | Lost mutation: Your spells are harder to cast, but more
                  | powerful. [an orb of fire]
 45638 | Zot:5    | Killed an orb of fire
 45641 | Zot:5    | Noticed a dread lich
 45641 | Zot:5    | Noticed a dread lich
 45643 | Zot:5    | Killed a dread lich
 45643 | Zot:5    | Killed a dread lich
 45644 | Zot:5    | Reached XP level 25. HP: 170/170 MP: 9/31
 45942 | Zot:5    | Lost mutation: One of your tentacles bears a spike. [potion
                  | of mutation]
 45942 | Zot:5    | Lost mutation: Your spells are a little harder to cast, but
                  | a little more powerful. [potion of mutation]
 45943 | Zot:5    | Lost mutation: You are frail. (-10% HP) [potion of
                  | mutation]
 45943 | Zot:5    | Lost mutation: You are vulnerable to heat. (rF-) [potion of
                  | mutation]
 45943 | Zot:5    | Gained mutation: You occasionally lose the ability to read
                  | scrolls when taking damage. [potion of mutation]
 45943 | Zot:5    | Gained mutation: You are somewhat resistant to further
                  | mutation. [potion of mutation]
 45964 | Zot:5    | Got the Orb of Zot
 46340 | D:3      | Noticed Fiem the pandemonium lord
 46348 | D:2      | Killed Fiem the pandemonium lord
 46387 | D:1      | Reached skill level 24 in Dodging
 46434 | D:1      | gg
 46435 | D:$      | Escaped with the Orb!

Illustrated notes

################### ♣♣♣♣
#....#...8...#....# ♣..♣
#.⌠..#.8...8.'..@.# ♣.⌠♣♣♣
#....#...⌠...#....# ♣....♣ ######
#....'.8...8.#....#♣♣♣...♣♣#....#
###..#.......#..###♣......♣####.#
####..8.8..####♣♣♣......♣# #.#
♣♣♣ #.......# ♣♣♣.........####.#
#♣.♣♣###...###♣♣.............##.#
#.....♣#'''#♣♣♣....♣.♣######....#
#♣..............♣####### ####.#


Turn 46434 on D:1: gg

Levels and vault maps discovered:
D:1:      sevenhm_arrival_forest_fort_large_2, layout_loops_corners,
          dreamdust_ecumenical_altar_drowned_temple
D:2:      layout_basic, minmay_hedge_maze, minmay_tromino_v4_b
D:3:      layout_basic, dk_noncrumbling_2, serial_bayou_lagoon_a, uniq_ijyb
D:4:      layout_loops_ring, mainiacjoe_overflow_small_starburst,
          nicolae_uskayaw_en_pointe, serial_undead, serial_undead_e,
          serial_undead_d, serial_undead_e, serial_undead_b, serial_shops,
          nicolae_shop_statue_plus, nzn_random_ring, uniq_eustachio,
          uniq_blork_the_orc
D:5:      layout_gridville
D:6:      layout_basic, temple_pool_b, serial_demonic, serial_demonic_f,
          serial_demonic_a, serial_demonic_a, serial_demonic_d,
          chequers_serial_rivers_small_b, minmay_crossroads
D:7:      layout_loops_corners, led_sif_pool,
          grunt_temple_overflow_order_and_chaos_1,
          nicolae_shop_overcharged_wands, uniq_menkaure
D:8:      layout_loops_cross, due_lair_maze_entry_diamond, serial_bayou_pond_a
D:9:      minmay_bloctagon_deflated, layout_loops_ring,
          pdpol_wu_jian_five_deadly_venoms, hangedman_incinerator
D:10:     layout_basic, uniq_sonja
D:11:     dreamdust_labyrinth, layout_irregular_city, serial_ice, serial_ice_o,
          serial_ice_a, serial_ice_i, serial_ice_f,
          portal_ice_cave_entry_ice_simulacra,
          nicolae_hepliaklqana_monster_ancestors
D:12:     minmay_heptahexagon, layout_loops_corners, enter_trove_5, uniq_frances
D:13:     layout_loops_ring
D:14:     layout_loops_ring, grunt_vaults_entry_fortified,
          grunt_dithmenos_smoke, nicolae_antique_artefacts
D:15:     grunt_enter_depths_hoard, layout_basic, serial_shops,
          nicolae_shop_competitors_out_of_business, nicolae_triple_integral,
          uniq_louise
Temple:   lightli_temple_of_artemis
Lair:1:   layout_gridlike, hangedman_lair_unloving_vines,
          nicolae_lair_grazing_beasts [nicolae_sub_lair_graze_edge,
          nicolae_sub_lair_graze_edge, nicolae_sub_lair_graze_edge,
          nicolae_sub_lair_graze_edge], lemuel_fruit_fields, uniq_prince_ribbit2
Lair:2:   layout_cave_shapes, nicolae_snake_entry_warm_welcome,
          infiniplex_staircase_pool, uniq_fannar, uniq_amaemon
Lair:3:   lemuel_ratsnest, layout_regular_city, shoals_dummy_entry,
          beast_lair_carwin_9
Lair:4:   layout_small_grid, uniq_rupert
Lair:5:   hellmonk_lair_end_abyssal_woods, layout_loops_ring, slime_entry_2,
          chequers_serial_rivers_small_3, grunt_megastairs_2, uniq_josephine
Shoals:1: layout_shoals, nicolae_shoals_lost_giant_temple
Shoals:2: layout_shoals
Shoals:3: layout_shoals
Shoals:4: shoals_end_grunt_ice, layout_shoals, shoal_ilsuiw,
          nzn_prometheus_bound
Snake:1:  layout_gridlike, gammafunk_ghost_abyssal_escape,
          nicolae_snake_gridmaze_spiral
Snake:2:  layout_rooms, nicolae_snake_springs, grunt_megastairs_5
Snake:3:  layout_layer_cave, basic_altar, serial_bayou_ford_a
Snake:4:  grunt_snake_rune_spirals, layout_onion, grunt_ministairs_6,
          uniq_roxanne, uniq_kirke
Slime:1:  layout_caves
Slime:2:  layout_caves, cheibrodos_slime_lost_civilization_6
Slime:3:  layout_caves
Slime:4:  layout_caves
Slime:5
Orc:1:    lemuel_ogre_cave, layout_caves, ebering_ghost_xom
Orc:2:    grunt_orc_cross, layout_caves, uniq_donald
Vaults:1: ontoclasm_vaults_decontamination, v_misc_27, v_rooms_4,
          hangedman_vaults_stretched_pinwheel, v_misc_28, v_alt_pattern_2,
          ontoclasm_vaults_bender, v_rooms_5, ontoclasm_vaults_ring_large,
          v_misc_3, ontoclasm_vaults_ring_small, nicolae_vaults_rhombus_6,
          vaults_dpeg_spiral, ontoclasm_vaults_ligature,
          layout_vaults_maze_bifur
Vaults:2: nicolae_vaults_lopsided_apartments, minmay_crypt_entry_simple_walls,
          nicolae_vaults_network_barrier, nicolae_vaults_arrows, v_misc_12,
          v_misc_28, ontoclasm_vaults_gateway, nicolae_vaults_theta,
          layout_vaults_chaotic_city, uniq_frederick
Vaults:3: ontoclasm_vaults_ring_large, ontoclasm_vaults_misaligned,
          v_alt_pattern_2, ontoclasm_vaults_eye, st_octagons_1,
          vaults_dpeg_encased_lava, vaults_mumra_hex,
          nicolae_vaults_little_squares_1, vaults_dpeg_ring,
          ontoclasm_vaults_chip, layout_vaults_omnigrid, serial_shops,
          bzr_in_the_mist, nicolae_lakefront_shop, uniq_nikola
Vaults:4: gammafunk_ghost_wrathful_warriors, v_misc_1, hangedman_vaults_slice,
          grunt_vaults_bifocal, v_misc_8, v_misc_28, v_misc_14,
          dpeg_vaults_monster_box, v_misc_27, dpeg_vaults_monster_row,
          grunt_vaults_hallway_short, vaults_mumra_chevron_long,
          vaults_room_door_ring, grunt_vaults_hallway_long,
          vaults_room_hangedman_quadrants, layout_vaults_omnibox, serial_shops,
          nicolae_shop_bloodbath_and_beyond
Depths:1: layout_honeycomb, enter_ziggurat_f, grunt_pan_entry_spiral,
          pf_coc_iceberg, serial_sigils_hangedman_snap, minmay_liquid_box,
          nicolae_shop_fire_sale [nicolae_sub_dead_trees],
          kennysheep_generic_room_10
Depths:2: minmay_glassy_protrusions, layout_cave_pools, hell_entry,
          rand_demon_pan_entry_3, nicolae_shop_clearance, uniq_bai_suzhen
Depths:3: gammafunk_sealed_arena, layout_cave_pools, lightli_too_deep,
          abyss_entry, pan_entry, serial_bayou_shore_a,
          infiniplex_staircase_zigzag_4
Depths:4: grunt_zot_entry_bicorn, layout_gridville, pf_hell_entry_tar_river,
          abyss_entry, roderic_st_hans_cross, special_room [special_room_jelly],
          pan_entry, minmay_shop_star
Zot:1:    layout_cathedral_of_symmetry, gammafunk_ghost_berserking_beasts,
          grunt_ministairs_13, uniq_josephina
Zot:2:    layout_onion
Zot:3:    layout_concentric_octagons
Zot:4:    kennysheep_blocky_hall, layout_cellular_growth
Zot:5:    layout_gridville, serial_nicolae_subway, nicolae_sub_station_metal,
          nicolae_sub_station_crystal, nicolae_sub_station_stone

Skill      XL: |  1  2  3  4  5  6  7  8  9 10 11 12 13 14 15 16 17 18 19 20 21 22 23 24 25 |
---------------+----------------------------------------------------------------------------+-----
Stealth        | 7 13 15 | 15.0
Short Blades   | 3 4 5 7 8 |  8.0
Dodging        | 3 4 5 6 9 10 11 13 15 17 18 19 20 23 24 | 24.0
Fighting       | 5 7 8 9 11 12 13 14 15 16 20 | 20.0
Invocations    | 3 5 6 8 12 | 12.0
Evocations     | 4 6 |  6.0
Spellcasting   | 1 3 5 6 7 8 |  8.0
Transmutations | 2 7 8 10 11 13 14 | 14.2
Earth Magic    | 2 7 10 11 | 11.0
Conjurations   | 2 |  2.0
Shields        | 3 7 |  7.0
Unarmed Combat | 6 |  6.2
Long Blades    | 3 8 12 14 16 18 19 | 19.4
Translocations | 3 4 |  4.0
Air Magic      | 3 4 |  4.0

Action                     |  1- 3 |  4- 6 |  7- 9 | 10-12 | 13-15 | 16-18 | 19-21 | 22-24 | 25-27 || total
---------------------------+-------+-------+-------+-------+-------+-------+-------+-------+-------++-------
  Melee: Short sword       |     9 |   154 |   189 |       |       |       |       |       |       ||   352
         Tentacles         |     3 |    40 |    97 |   156 |   423 |   262 |   162 |   162 |     5 ||  1310
         Constrict         |     1 |    29 |    90 |    87 |   129 |   117 |    75 |    60 |     4 ||   592
         Punch             |       |     5 |     4 |     7 |    18 |    37 |    35 |    50 |     1 ||   157
         Rapier            |       |       |   175 |   526 |  1173 |   396 |       |       |       ||  2270
         Great sword       |       |       |       |       |       |   453 |   670 |   590 |    28 ||  1741
         Kick              |       |       |       |       |       |       |       |    82 |     2 ||    84
   Cast: Stone Arrow       |       |       |       |    96 |     2 |       |       |     2 |       ||   100
         Statue Form       |       |       |       |       |    92 |    86 |    83 |    78 |     5 ||   344
         Vhi's Electric Ch |       |       |       |       |       |    31 |    93 |    51 |     2 ||   177
 Invoke: Temporal Distorti |       |       |     1 |     1 |       |       |       |       |       ||     2
         Slouch            |       |       |       |     6 |     1 |    11 |     7 |    20 |       ||    45
         Step From Time    |       |       |       |       |       |       |     1 |       |       ||     1
Ability: End Transformatio |       |       |       |       |       |       |     1 |       |       ||     1
  Evoke: Wand              |     1 |       |     6 |    36 |     5 |       |       |     1 |       ||    49
         Phial of floods   |       |       |       |       |       |     1 |       |       |       ||     1
    Use: Scroll            |     1 |     5 |     7 |     8 |     9 |     1 |     6 |     6 |     1 ||    44
         Potion            |     1 |       |     2 |     3 |       |       |     1 |     6 |     2 ||    15
   Stab: Sleeping          |       |    16 |    27 |    16 |    15 |     3 |     5 |     5 |       ||    87
         Distracted        |       |     1 |     2 |     1 |     1 |       |     2 |     2 |       ||     9
         Invisible         |       |       |       |     2 |       |       |       |       |       ||     2
         Petrified         |       |       |       |       |     1 |       |       |       |       ||     1
 Armour: Skin              |       |     3 |    35 |     7 |   515 |   313 |   204 |   193 |     7 ||  1277
  Dodge: Dodged            |     4 |    79 |   298 |   592 |  2276 |  2818 |  2351 |  1763 |    84 || 10265
  Block: Kite shield       |       |       |       |   162 |  1253 |   645 |       |       |       ||  2060

Table legend: (Time is in decaauts)
 A = Elapsed time spent in this place.
 B = Non-inter-level travel time spent in this place.
 C = Inter-level travel time spent in this place.
 D = Time resting spent in this place.
 E = Time spent auto-exploring this place.
 F = Levels seen in this place.
 G = Mean time per level.
                   A        B        C        D        E       F      G
               +--------+--------+--------+--------+--------+-----+--------+
         Total |  84579 |  77059 |   7520 |   7777 |  49096 |  52 | 1626.5 |
       Dungeon |  29182 |  25787 |   3395 |   3693 |  15745 |  15 | 1945.5 |
        Temple |     57 |     57 |      0 |      0 |      0 |   1 |   57.0 |
          Lair |  12197 |  10799 |   1398 |    780 |   6903 |   5 | 2439.4 |
        Shoals |   6565 |   6204 |    361 |    280 |   4750 |   4 | 1641.2 |
     Snake Pit |   8512 |   8072 |    440 |    315 |   5511 |   4 | 2128.0 |
    Slime Pits |   2153 |   2040 |    113 |    359 |    957 |   5 |  430.6 |
  Orcish Mines |   2883 |   2833 |     50 |    253 |   1772 |   2 | 1441.5 |
        Vaults |  10582 |   9701 |    881 |    152 |   7631 |   4 | 2645.5 |
        Depths |   6787 |   6215 |    572 |    370 |   4246 |   4 | 1696.8 |
           Zot |   3156 |   2848 |    308 |    445 |   1172 |   5 |  631.2 |
        Bazaar |    299 |    299 |      0 |      0 |    117 |   1 |  299.0 |
         Trove |    340 |    340 |      0 |      0 |    286 |   1 |  340.0 |
      Ice Cave |   1860 |   1860 |      0 |   1128 |      4 |   1 | 1860.0 |
               +--------+--------+--------+--------+--------+-----+--------+

Top non-repeatable levels by time:
Vaults:3: 3461 daAuts
    D:12: 3154 daAuts
Vaults:2: 2979 daAuts
 Snake:4: 2945 daAuts
  Lair:5: 2821 daAuts
  Lair:2: 2747 daAuts
    D:11: 2503 daAuts
   Zot:5: 2484 daAuts
  Lair:3: 2450 daAuts
 Snake:3: 2445 daAuts
Depths:1: 2413 daAuts
    D:14: 2286 daAuts
  Lair:4: 2224 daAuts
     D:7: 2161 daAuts
     D:4: 2121 daAuts
